 Dungeon Crawl Stone Soup version 0.28.0 (webtiles) character file.

Game seed: 1938643881745542174

161 sanka the Caller (level 5, 0/37 HPs)
             Began as a Palentonga Hedge Wizard on Feb 8, 2022.
             Was a Believer of Cheibriados.
             Slain by a gnoll (4 damage)
             ... on level 3 of the Dungeon.
             The game lasted 00:03:12 (2362 turns).

sanka the Caller (Palentonga Hedge Wizard)          Turns: 2362, Time: 00:03:13

Health: 0/37       AC:  5    Str: 20    XL:     5   Next: 18%
Magic:  1/9        EV: 10    Int: 22    God:    Cheibriados [**....]
Gold:   57         SH:  0    Dex: 15    Spells: 7/10 levels left

rFire   . . .      SeeInvis +   a - +0 dagger
rCold   . . .      Faith    .   (no shield)
rNeg    . . .      Spirit   .   b - +0 robe
rPois   .          Reflect  .   c - +0 hat
rElec   .          Harm     .   i - +0 cloak
rCorr   .          Rampage  .   (no gloves)
Will    .....                   (no barding)
Stlth   ++........              (no amulet)
HPRegen 0.12/turn               (no ring)
MPRegen 0.11/turn               (no ring)

@: very slow
A: large, rugged brown scales 3, see invisible, deformed body, roll 1, armoured
tail
a: Rolling Charge, Renounce Religion, Bend Time


You were on level 3 of the Dungeon.
You worshipped Cheibriados.
Cheibriados was pleased with you.
You visited 1 branch of the dungeon, and saw 3 of its levels.

You collected 57 gold pieces.

Inventory:

Hand Weapons
 a - a +0 dagger (weapon)
Armour
 b - a +0 robe (worn)
 c - a +0 hat (worn)
 i - a +0 cloak (worn)
Jewellery
 o - an amulet of reflection
Scrolls
 f - a scroll of magic mapping {unknown}
 g - a scroll of vulnerability {unknown}
 h - 2 scrolls of identify {unknown}
 k - a scroll of blinking {unknown}
 m - a scroll of amnesia {unknown}
 n - a scroll of teleportation {unknown}
Potions
 d - a potion of lignification {unknown}
 e - a potion of experience {unknown}
 j - a potion of attraction {unknown}
 l - a potion of ambrosia {unknown}


   Skills:
 - Level 1.5 Dodging
 - Level 1.2 Stealth
 - Level 3.0 Spellcasting
 - Level 2.0 Conjurations
 + Level 3.8 Summonings
 - Level 1.0 Translocations


You had 7 spell levels left.
You knew the following spells:

 Your Spells              Type           Power      Damage    Failure   Level
a - Magic Dart            Conj           48%        1d5       5%          1
b - Call Imp              Summ           20%        N/A       3%          2

Your spell library contained the following spells:

 Spells                   Type           Power      Damage    Failure   Level
 Slow                     Hex            12%        N/A       12%         1
 Blink                    Tloc           14%        N/A       12%         2
 Conjure Flame            Conj/Fire      7%         6-21      24%         3
 Mephitic Cloud           Conj/Pois/Air  6%         N/A       28%         3
 Ignite Poison            Fire/Tmut/Pois 3%         N/A       36%         3
 Freezing Cloud           Conj/Ice/Air   3%         6-21      95%         5


Dungeon Overview and Level Annotations

Branches:
Dungeon (3/15)

Altars:
Cheibriados

Shops:
D:1 =


Innate Abilities, Weirdness & Mutations

You are completely covered in rugged brown scales. (AC +3, +7% HP)
You have supernaturally acute eyesight. (SInv)
Armour fits poorly on your strangely shaped body.
You can roll at nearby foes to attack.
You have a long armoured tail.


Message History

You barely miss the gnoll.
The gnoll is lightly wounded.
The gnoll hits you with a +0 spear.
You hit the gnoll.
The gnoll is moderately wounded.
The gnoll hits you with a +0 spear.
You hit the gnoll but do no damage.
The gnoll is moderately wounded.
The gnoll hits you with a +0 spear.
You closely miss the gnoll.
The gnoll is moderately wounded.
The gnoll hits you but does no damage.
You hit the gnoll but do no damage.
The gnoll is moderately wounded.
The gnoll hits you with a +0 spear.
* * * LOW HITPOINT WARNING * * *
You barely miss the gnoll.
The gnoll is moderately wounded.
The gnoll closely misses you.
You barely miss the gnoll. You punch the gnoll, but do no damage.
The gnoll is moderately wounded.
The gnoll hits you with a +0 spear.
* * * LOW HITPOINT WARNING * * *
You closely miss the gnoll.
The gnoll is moderately wounded.
The gnoll closely misses you.
Casting: Call Imp (safe; 3% risk of failure)
Confirm with . or Enter, or press ? or * to list all spells.
A beastly little devil appears in a puff of flame.
The gnoll hits you but does no damage.
The gnoll hits you from afar with a +0 spear.
* * * LOW HITPOINT WARNING * * *
The gnoll completely misses you.
There is an open door here.
Your crimson imp blinks!
The gnoll hits you from afar with a +0 spear.
* * * LOW HITPOINT WARNING * * *
There is an escape hatch in the ceiling here.
The gnoll hits you from afar with a +0 spear.
You die...

#.# #........ ##.
#.###........ #...
#####..(..#####+# ....
#.....†...# ....
#.........# .P..
#.........# ....
#.........###########....
#.........g....)....))...
#.......@.###########....
#.........# #...
#.......5.# ###
#.........# #.........#
#.........# ###########


You could see a gnoll (ally target) and a friendly crimson imp (summoned).

Vanquished Creatures
  2 orc wizards (D:3)
  An adder (D:2)
  A gnoll (D:3)
  3 dart slugs
  2 orcs (D:3)
  5 ball pythons
  An endoplasm (D:2)
  A giant cockroach (D:1)
  4 goblins
  2 hobgoblins
  4 jackals (D:1)
  3 bats (D:2)
  6 frilled lizards
  4 kobolds
  6 rats
45 creatures vanquished.

Vanquished Creatures (collateral kills)
  A gnoll shaman (D:3)
  2 gnolls (D:3)
  A bat (D:3)
4 creatures vanquished.

Vanquished Creatures (others)
  A demonic plant (D:1)
  21 plants (D:3)
  2 withered plants (D:1)
24 creatures vanquished.

Grand Total: 73 creatures vanquished

Notes
Turn   | Place    | Note
-------+----------+-------------------------------------------
     0 | D:1      | sanka the Palentonga Hedge Wizard began the quest for the
                  | Orb.
     0 | D:1      | Reached XP level 1. HP: 13/13 MP: 4/4
    51 | D:1      | Reached skill level 1 in Conjurations
    51 | D:1      | Reached skill level 1 in Summonings
   143 | D:1      | Found a faded altar of an unknown god.
   160 | D:1      | Prayed at the altar of an unknown god.
   160 | D:1      | Became a worshipper of Cheibriados the Contemplative
   160 | D:1      | Reached * piety under Cheibriados
   258 | D:1      | Reached XP level 2. HP: 20/20 MP: 4/6
   309 | D:1      | Learned a level 2 spell: Call Imp
   321 | D:1      | Found Teh Radgh's Jewellery Boutique.
   725 | D:1      | Reached ** piety under Cheibriados
  1088 | D:2      | Reached XP level 3. HP: 20/25 MP: 1/7
  2281 | D:3      | Reached XP level 4. HP: 32/32 MP: 1/8
  2318 | D:3      | Reached XP level 5. HP: 25/37 MP: 1/9
  2362 | D:3      | Slain by a gnoll

Illustrated notes

Levels and vault maps discovered:
D:1:      dpeg_arrival_erosion, layout_basic, serial_shops,
          nicolae_shop_advertising_works [nicolae_subvault_shop_adworks],
          shapermc_ecumenical_altar_gd
D:2:      layout_basic
D:3:      layout_basic, nicolae_grassy_gnolls

Skill      XL: |  1  2  3  4 |
---------------+-------------+-----
Conjurations   | 1 2 |  2.0
Summonings     | 1 2 3 |  3.8
Dodging        | |  1.5
Stealth        | |  1.2
Spellcasting   | |  3.0
Translocations | |  1.0

Action                   |  1- 3 |  4- 6 || total
-------------------------+-------+-------++-------
Melee: Dagger            |    32 |    28 ||    60
       Tailslap          |     5 |       ||     5
       Punch             |       |     1 ||     1
 Cast: Magic Dart        |    69 |       ||    69
       Call Imp          |     1 |     4 ||     5
 Stab: Confused          |       |     1 ||     1
Armor: Robe              |    13 |    12 ||    25
Dodge: Dodged            |    22 |    15 ||    37
